AoeStats
← alexmavrovic

Arabian Desert

508724246Analyzed
1v1 RM · 10d ago on Sep 23, 2026· 22m 36s· 2 players
Game mode
Random Map
Map size
Tiny (2 player)
Population
200
Speed
Normal
Resources
Standard
Victory
Conquest
Starting age
Dark Age
Ending age
Imperial Age
RankedLock teamsTeams togetherTeam positionsShared explorationLock speedFull tech treeHidden civsTurbo modeCheats
Victory
Defeat
🇨🇱 Huns · Chile
1214
+17
🇨🇦 Varangians · Canada
1242
-17
Andrez
5:54 Loom
9:17 Feudal Age
21:44 Castle Age
20:15 Gold Mining
20:56 Bloodlines
20:33 Double-Bit Axe
alexmavrovic
6:18 Loom
9:52 Feudal Age
21:16 Castle Age
20:02 Double-Bit Axe
19:58 Horse Collar
Connection lost

Rejoining the realm…

Still unreachable

The connection could not be restored.

Session expired

The server has moved on; the page needs a fresh start.